 Dungeon Crawl Stone Soup version 0.30.1-11-g7821555f0a (webtiles) character file.

Game seed: 12664069576718396777

291 Okkudo the Cleaver (level 6, 0/51 HPs)
             Began as a Hill Orc Monk on Dec 1, 2023.
             Slain by a two-headed ogre
             ... wielding a +0 giant club
              (24 damage)
             ... on level 4 of the Dungeon.
             The game lasted 00:11:03 (2631 turns).

Okkudo the Cleaver (Hill Orc Monk)                  Turns: 2631, Time: 00:11:04

Health: 0/51       AC:  6    Str: 16      XL:     6   Next: 32%
Magic:  6/6        EV: 11    Int: 10      God:
Gold:   133        SH:  0    Dex: 12 (13) Spells: 5/5 levels left

rFire   . . .        a - +0 hand axe
rCold   + + .        d - orb {light}
rNeg    . . .        s - +0 ring mail {rPois}
rPois   +            m - +0 helmet
rElec   .            p - scarf {rC+ rF+}
rCorr   .            (no gloves)
SInv    +            (no boots)
Will    .....        v - amulet of regeneration
Stlth   +            e - ring of see invisible
HPRegen 1.08/turn    i - ring of ice
MPRegen 0.10/turn

%: no passive effects
@: glowing
A: no striking features
a: no special abilities


You were on level 4 of the Dungeon.
You visited 1 branch of the dungeon, and saw 4 of its levels.

You collected 133 gold pieces.

Inventory:

Hand Weapons
 a - a +0 hand axe (weapon)
 f - a +1 spear of venom
Missiles
 q - 3 poisoned darts (quivered)
Armour
 b - a +0 robe
 d - an orb of light (worn)
 m - a +0 helmet (worn)
 p - a scarf of resistance (worn)
 s - a +0 ring mail of poison resistance (worn)
Jewellery
 e - a ring of see invisible (left hand)
 i - a ring of ice (right hand)
 n - an amulet of the acrobat
 o - a ring of poison resistance
 v - an amulet of regeneration (around neck)
Wands
 r - a wand of iceblast (2)
Scrolls
 g - a scroll of magic mapping
 j - a scroll of identify
 k - a scroll of noise
 l - a scroll of teleportation
 u - a scroll of fog
 x - a scroll of poison
Potions
 c - a potion of ambrosia
 h - a potion of curing
 w - a potion of flight


   Skills:
 - Level 3.6 Fighting
 * Level 9.1 Axes
 - Level 2.4 Dodging


You had 5 spell levels left.
You didn't know any spells.
Your spell library contained the following spells:

 Spells                   Type           Power      Damage    Failure   Level
 Portal Projectile        Hex/Tloc       0%         N/A       91%         3
 Tukima's Dance           Hex            0%         N/A       91%         3
 Blade Hands              Tmut           0%         N/A       100%        5


Dungeon Overview and Level Annotations

Branches:
Dungeon (4/15)
 Temple: D:4-7

Altars:

Shops:
D:3 ?


Message History

You are no longer poisoned.
The adder barely misses you.
You closely miss the adder. The adder closely misses you.
You slash the adder!
The adder is severely wounded.
You hit the two-headed ogre but do no damage.
You barely miss the quasit.
The quasit bites you but does no damage.
The quasit barely misses you. x2
You hit the two-headed ogre but do no damage.
You closely miss the quasit. The quasit closely misses you.
The quasit barely misses you. x2; The two-headed ogre closely misses you.
The two-headed ogre barely misses you. The quasit barely misses you.
The quasit closely misses you. The quasit barely misses you.
You hit the two-headed ogre.
The two-headed ogre is lightly wounded.
You hit the quasit but do no damage. The quasit closely misses you.
The quasit claws you.
You feel clumsy.
The quasit claws you but does no damage.
You hit the two-headed ogre but do no damage.
The two-headed ogre is lightly wounded.
You hit the quasit but do no damage.
The two-headed ogre hits you with a +0 giant club!
The two-headed ogre closely misses you.
The quasit bites you but does no damage.
The quasit barely misses you.
The quasit claws you but does no damage.
You hit the two-headed ogre.
The two-headed ogre is lightly wounded.
You closely miss the quasit.
The quasit bites you but does no damage.
The quasit claws you but does no damage.
The quasit closely misses you.
You hit the two-headed ogre but do no damage.
The two-headed ogre is lightly wounded.
You miss the quasit.
The two-headed ogre hits you with a +0 giant club!!
The two-headed ogre hits you with a +0 giant spiked club!!
You die...

...####...# ..
..........# ..
..........###.###
........$.. .... .
...<......# ..##....##
#.........##.........>
.....................#
#.....5†...# ....♣.
#.....#@##.### ....P....
##....#O##..<##.........
#.....S####.....P......
#.♣....## ##...........
##......## #.......(...
#"P...†.###...$.....h.
#.P...#..##...##...#..
####......#...........
###.#.....?....####!


You could see a two-headed ogre, a quasit and a ball python.

Vanquished Creatures
  Crazy Yiuf (D:3)
  Ijyb (D:3)
  Natasha (thrice) (D:3)
  An orc wizard (D:4)
  Robin (D:3)
  4 adders
  2 shadow imps
  A white imp (D:4)
  A dart slug (D:3)
  4 orcs (D:4)
  6 ball pythons
  6 giant cockroaches
  11 goblins
  7 hobgoblins
  4 jackals
  7 kobolds
  3 quokkas
  A frilled lizard (D:1)
  3 rats
67 creatures vanquished.

Notes
Turn   | Place    | Note
-------+----------+-------------------------------------------
     0 | D:1      | Okkudo the Hill Orc Monk began the quest for the Orb.
     0 | D:1      | Reached XP level 1. HP: 19/19 MP: 1/1
   210 | D:1      | Reached XP level 2. HP: 26/26 MP: 2/2
   576 | D:2      | Found a faded altar of an unknown god.
   688 | D:2      | Reached skill level 5 in Axes
   851 | D:2      | Reached XP level 3. HP: 29/31 MP: 3/3
   888 | D:2      | Reached skill level 6 in Axes
  1596 | D:3      | Reached XP level 4. HP: 37/39 MP: 4/4
  1618 | D:3      | Noticed Robin
  1630 | D:3      | Killed Robin
  1753 | D:3      | Noticed Ijyb
  1777 | D:3      | Killed Ijyb
  1778 | D:3      | Reached skill level 7 in Axes
  1892 | D:3      | Found Ynaingano's Magic Scroll Shop.
  1971 | D:3      | Reached XP level 5. HP: 45/45 MP: 5/5
  2053 | D:3      | Found a runed translucent door.
  2054 | D:3      | Noticed Crazy Yiuf
  2093 | D:3      | Noticed Natasha
  2099 | D:3      | Killed Natasha
  2102 | D:3      | Noticed Natasha
  2110 | D:3      | Killed Natasha
  2111 | D:3      | Reached skill level 8 in Axes
  2117 | D:3      | Noticed Natasha
  2133 | D:3      | Killed Natasha
  2385 | D:3      | Killed Crazy Yiuf
  2386 | D:3      | Reached XP level 6. HP: 32/51 MP: 6/6
  2524 | D:4      | Noticed a two-headed ogre
  2527 | D:4      | Reached skill level 9 in Axes
  2631 | D:4      | Slain by a two-headed ogre

Illustrated notes

Levels and vault maps discovered:
D:1:      spicycebolla_arrival_clurvy, layout_basic
D:2:      layout_loops_corners, shapermc_ecumenical_altar_acropolis,
          roderic_roman_lattice
D:3:      layout_basic, serial_shops, nicolae_shop_rolling_square, st_stairs_2,
          uniq_crazy_yiuf_cottage, uniq_robin, uniq_natasha, uniq_ijyb
D:4:      layout_rooms, minmay_temple_entry_butterflies,
          cheibrodos_sewer_entry_bend, serial_demonic, serial_demonic_c,
          serial_demonic_c, serial_demonic_g, serial_demonic_d,
          serial_demonic_b, serial_demonic_f, serial_demonic_c, serial_demonic_b

Skill      XL: |  1  2  3  4  5  6 |
---------------+-------------------+-----
Axes           | 5 6 7 8 9 |  9.1
Fighting       | |  3.6
Dodging        | |  2.4

Action                     |  1- 3 |  4- 6 || total
---------------------------+-------+-------++-------
  Melee: Hand axe          |    99 |   124 ||   223
  Throw: Dart              |       |     2 ||     2
  Evoke: Wand              |       |     2 ||     2
    Use: Scroll            |       |     7 ||     7
         Potion            |       |     1 ||     1
 Armour: Robe              |    23 |    10 ||    33
         Ring mail         |       |    63 ||    63
  Dodge: Dodged            |    66 |   110 ||   176
